 Dungeon Crawl Stone Soup version 0.21.1-1-g345015f (webtiles) character file.

11 tidbits the Charmwright (level 2, 7/26 HPs)
             Began as a Gnoll Skald on June 22, 2018.
             Quit the game on level 4 of the Dungeon.
             The game lasted 00:01:42 (154 turns).

tidbits the Charmwright (Gnoll Skald)                Turns: 154, Time: 00:01:43

Health: 7/26       AC:  3    Str: 13    XL:     2   Next: 29%
Magic:  5/7        EV: 14    Int: 15    God:
Gold:   15         SH:  0    Dex: 14    Spells: 6/10 levels left

rFire    . . .     SeeInvis .   a - +0 war axe
rCold    . . .     Gourm    .   (no shield)
rNeg     . . .     Faith    .   b - +0 leather armour
rPois    .         Spirit   .   (no helmet)
rElec    .         Reflect  .   (no cloak)
rCorr    .         Harm     .   (no gloves)
MR       .....                  (no boots)
Stlth    +.........             (no amulet)
HPRegen  0.08/turn              (no ring)
MPRegen  0.10/turn              (no ring)

@: no status effects
A: distributed training, fangs 1, strong nose
a: no special abilities


You were on level 4 of the Dungeon.
You were not hungry.

You visited 1 branch of the dungeon, and saw 4 of its levels.

You collected 15 gold pieces.

Inventory:

Hand Weapons
 a - a +0 war axe (weapon)
 f - a +0 hand axe
Missiles
 e - 33 arrows
 j - 4 tomahawks (quivered)
Armour
 b - a +0 leather armour (worn)
Potions
 g - a potion of heal wounds {unknown}
 h - a potion of might {unknown}
Books
 c - a book of Battle

   Spells                             Type                      Level
   a - Infusion                       Charms                       1
   b - Shroud of Golubria             Charms/Translocation         2
   c - Song of Slaying                Charms                       2
   d - Spectral Weapon                Hexes/Charms                 3
   e - Regeneration                   Charms/Necromancy            3
Comestibles
 d - 3 rations


   Skills:
 + Level 4.4 Fighting
 + Level 0.3 Short Blades
 + Level 0.3 Long Blades
 + Level 4.4 Axes
 + Level 0.3 Maces & Flails
 + Level 0.3 Polearms
 + Level 0.3 Staves
 + Level 0.3 Slings
 + Level 0.3 Bows
 + Level 0.3 Crossbows
 + Level 0.3 Throwing
 + Level 2.4 Armour
 + Level 4.4 Dodging
 + Level 0.3 Stealth
 + Level 0.3 Shields
 + Level 0.3 Unarmed Combat
 + Level 4.9 Spellcasting
 + Level 0.2 Conjurations
 + Level 0.2 Hexes
 + Level 5.3 Charms
 + Level 0.2 Summonings
 + Level 0.2 Necromancy
 + Level 0.2 Translocations
 + Level 0.2 Transmutations
 + Level 0.2 Fire Magic
 + Level 0.2 Ice Magic
 + Level 0.2 Air Magic
 + Level 0.2 Earth Magic
 + Level 0.2 Poison Magic
 + Level 0.4 Invocations
 + Level 0.3 Evocations


You had 6 spell levels left.
You knew the following spells:

 Your Spells              Type           Power        Failure   Level  Hunger
g - Shroud of Golubria    Chrm/Tloc      ##........   10%         2    ##.....
y - Song of Slaying       Chrm           ###.....     3%          2    ##.....


Dungeon Overview and Level Annotations

Branches:
Dungeon (4/15)
 Temple: D:4-7

Altars:


Innate Abilities, Weirdness & Mutations

Your experience applies equally to all skills.
You have very sharp teeth.
Your uncanny sense of smell can sniff out nearby items.


Message History

The orc is heavily wounded.
You hit the goblin!
You kill the goblin!
The orc closely misses you.
You hit the orc!
You kill the orc!
You have reached level 2!
Memorise Song of Slaying, consuming 2 spell levels and leaving 7?
You start memorising the spell.
You continue memorising. x2
You finish memorising.
Spell assigned to 'y'.
Memorise Shroud of Golubria, consuming 2 spell levels and leaving 5?
You start memorising the spell.
You continue memorising. x2
You finish memorising.
Spell assigned to 'g'.
You see here a war axe.
f - a war axe Wield which item (- for none, * to show all)? (? for menu, Esc to quit)
f - a +0 war axe (weapon)
Adjust (i)tems, (s)pells, or (a)bilities?
Adjust which item? (? for menu, Esc to quit)
f - a +0 war axe (weapon)
Adjust to which letter? (? for menu, Esc to quit)
a - a +0 war axe (weapon);
f - a +0 hand axe
There is a stone staircase leading up here.
Found a scale mail.
A rat comes into view.
You see here a red potion.
g - a red potion
Found 23 stones.
You hit the rat!
You kill the rat!
Your magical infusion is running out.
There is a shaft here.
You fall through a shaft!
The shaft crumbles and collapses.
A leopard gecko comes into view.
The leopard gecko barely misses you.
Found a lumpy brown potion.
You closely miss the leopard gecko. The leopard gecko bites you.
You slash the leopard gecko!
You kill the leopard gecko!
Found a ration.
Unknown command.
You are no longer magically infusing your attacks.
You see here a lumpy brown potion.
h - a lumpy brown potion
Found a scroll labeled MYOVVO GUSATA.
You see here a scroll labeled MYOVVO GUSATA.
i - a scroll labeled MYOVVO GUSATA
Found a ration.
You see here a ration.
d - 3 rations (gained 1)
Found an escape hatch in the floor.
Unknown command.
Unknown command.
Found 8 gold pieces.
There is an escape hatch in the floor here.
Okay, then.
An orc comes into view. It is wielding a whip.
The orc throws a tomahawk.
The tomahawk hits you.
Found a whip.
You see here a tomahawk.
j - a tomahawk
Casting: Infusion
Confirm with . or Enter, or press ? or * to list all spells.
You begin infusing your attacks with magical energy.
The orc throws a tomahawk.
The tomahawk misses you.
You see here a tomahawk.
The orc throws a tomahawk.
The tomahawk hits you.
* * * LOW HITPOINT WARNING * * *
You see here a tomahawk.
The orc closely misses you.
You closely miss the orc. You bite the orc, but do no damage.
The orc hits you with a whip.
* * * LOW HITPOINT WARNING * * *
You slash the orc!
You kill the orc!
Things that are here:
a whip; a tomahawk; an orc corpse
j - 2 tomahawks (gained 1)
You see here a tomahawk.
j - 3 tomahawks (gained 1)
You see here a tomahawk.
j - 4 tomahawks (gained 1)
Your magical infusion is running out.
There is an escape hatch in the floor here.
You slide downwards.
The hatch slams shut behind you.
An adder, a worm and a skeleton come into view.
The adder hisses angrily.
Unknown command.
You are no longer magically infusing your attacks.
The adder moves out of view.
A worker ant comes into view.
An orc comes into view.
A worker ant comes into view.
The worker ant twitches its antennae in your direction. x2
As you read the scroll labeled MYOVVO GUSATA, it crumbles to dust.
It is a scroll of amnesia.
Your memory of Infusion unravels.
An ooze comes into view.
Are you sure you want to abandon this character and quit the game? (Confirm with "yes".)

..P..#...o
...PP...
####..P.P.#
.........J#
........ #.....
#####....# #######
.........##......#
..a....@.Z.......#
............w...#
...##....##.....#
.. #.S..# .....#
#....+ .......
#.a..# .....##
......# .....#
......# .....#
......


You could see a worm, 2 worker ants, an ooze (wandering), an adder and an adder
skeleton.

Vanquished Creatures
  A leopard gecko (D:3)
  2 orcs
  A giant cockroach (D:1)
  A hobgoblin (D:1)
  A goblin (D:2)
  3 rats
9 creatures vanquished.

Notes
Turn   | Place    | Note
-------+----------+-------------------------------------------
     0 | D:1      | tidbits the Gnoll Skald began the quest for the Orb.
     0 | D:1      | Reached XP level 1. HP: 20/20 MP: 6/6
    63 | D:2      | Reached XP level 2. HP: 19/26 MP: 0/7
    67 | D:2      | Learned a level 2 spell: Song of Slaying
    70 | D:2      | Learned a level 2 spell: Shroud of Golubria
    87 | D:2      | You fall through a shaft!
   154 | D:4      | Quit the game

Action                   || total
-------------------------++-------
Melee: Hand axe          ||     9
       War axe           ||     5
       Bite              ||     1
 Cast: Infusion          ||     3
  Use: Scroll            ||     1
Dodge: Dodged            ||     6

Table legend:
 A = Turns spent in this place as a percentage of turns spent in the entire game.
 B = Non-inter-level travel turns spent in this place as a percentage of non-inter-level travel turns spent in the entire game.
 C = Inter-level travel turns spent in this place as a percentage of turns spent in this place.
 D = Turns resting spent in this place as a percentage of non-inter-level travel turns spent in this place.
 E = Turns spent auto-exploring this place as a percentage of non-inter-level travel turns spent in this place.
 F = Non-inter-level travel turns spent in this place divided by the number of levels of this place that you've seen.
                   A       B       C       D       E      F
               +-------+-------+-------+-------+-------+----------------------
         Total | 100.0 | 100.0 |   0.0 |   0.0 |   0.0 |  38.5
       Dungeon | 100.0 | 100.0 |   0.0 |   0.0 |   0.0 |  38.5
               +-------+-------+-------+-------+-------+----------------------

Table legend:
 A = Kills in this place as a percentage of kills in entire the game.
 B = Kills by you in this place as a percentage of kills by you in the entire game.
 C = Kills by friends in this place as a percentage of kills by friends in the entire game.
 D = Other kills in this place as a percentage of other kills in the entire game.
 E = Experience gained in this place as a percentage of experience gained in the entire game.
 F = Experience gained in this place divided by the number of levels of this place that you have seen.
                   A       B       C       D       E      F
               +-------+-------+-------+-------+-------+----------------------
         Total | 100.0 | 100.0 |   N/A |   N/A | 100.0 |   4.2
       Dungeon | 100.0 | 100.0 |   N/A |   N/A | 100.0 |   4.2
               +-------+-------+-------+-------+-------+----------------------

Vault maps used:
D:1:      dpeg_arrival_erosion
D:2:      fedhas_altar_3, nicolae_overflow_hidden_temple,
          minmay_misc_feat_tower, st_stairs_11, grunt_decor_clamped
D:3:      cheibriados_altar_1, xom_butterflies, makhleb_grotto_becter,
          minivault_27
D:4:      kiku_gazebo_garden_becter, first_ration, serial_glass,
          glass_columns_c, glass_columns_a, uniq_robin
